 Dungeon Crawl Stone Soup version 0.30-a0-313-gae38170b09 (webtiles) character file.

Game seed: 18132843190539883301

254 PapaRoan the Chopper (level 6, -1/56 HPs)
             Began as a Hill Orc Chaos Knight on Oct 26, 2022.
             Was a Plaything of Xom.
             Slain by an ogre
             ... wielding a +0 giant club
              (28 damage)
             ... on level 5 of the Dungeon.
             The game lasted 00:14:00 (1162 turns).

PapaRoan the Chopper (Hill Orc Chaos Knight)        Turns: 1162, Time: 00:14:00

Health: -1/56      AC:  8    Str: 17    XL:     6   Next: 15%
Magic:  6/6        EV:  9    Int: 12    God:    Xom [..*...]
Gold:   80         SH:  0    Dex: 10    Spells: 5/5 levels left

rFire   . . .      SeeInvis .    o - +2 halberd (pain)
rCold   . . .      Faith    .    (shield currently unavailable)
rNeg    . . .      Spirit   .    d - +0 scale mail
rPois   .          Reflect  .    (no helmet)
rElec   .          Harm     .    i - +0 cloak
rCorr   .          Rampage  .    (no gloves)
Will    .....                    (no boots)
Stlth   ..........               (no amulet)
HPRegen 0.29/turn                (no ring)
MPRegen 0.10/turn                (no ring)

@: no status effects
A: no striking features
a: Renounce Religion


You were on level 5 of the Dungeon.
You worshipped Xom.
You were a toy of Xom.
You visited 1 branch of the dungeon, and saw 4 of its levels.

You collected 80 gold pieces.

Inventory:

Hand Weapons
 a - a +0 hand axe of chaos
 h - a +3 short sword
 o - a +2 halberd of pain (weapon)
Missiles
 g - 5 boomerangs
 j - 6 poisoned darts
Armour
 b - a +2 leather armour
 d - a +0 scale mail (worn)
 i - a +0 cloak (worn)
Scrolls
 e - 5 scrolls of identify {unknown}
 f - a scroll of noise {unknown}
 k - a scroll of summoning {unknown}
 l - a scroll of immolation {unknown}
Potions
 m - a potion of curing {unknown}
 n - a potion of might {unknown}
 p - a potion of ambrosia {unknown}
Miscellaneous
 c - a piece from Xom's chessboard (15/15) (quivered)


   Skills:
 + Level 5.1 Fighting
 + Level 6.3(6.4) Axes
 + Level 0.5(3.3) Polearms
 + Level 3.9 Armour
 + Level 1.3 Dodging


You had 5 spell levels left.
You didn't know any spells.
Your spell library contained the following spells:

 Spells                   Type           Power      Damage    Failure   Level
 Freeze                   Ice            0%         1d3       71%         1
 Frozen Ramparts          Ice            0%         1d1       97%         3
 Hailstorm                Conj/Ice       0%         3d3       97%         3
 Ozocubu's Armour         Ice            0%         N/A       97%         3
 Metabolic Englaciation   Hex/Ice        0%         N/A       100%        5
 Simulacrum               Ice/Necr       0%         N/A       100%        6


Dungeon Overview and Level Annotations

Branches:
Dungeon (5/15)
 Temple: D:4-7

Altars:
Elyvilon
Hepliaklqana

Shops:
D:2 [


Message History

The ogre shouts!
Reach: o) +2 halberd (pain)
Press: ? - help, Dir - move target, f - ogre
Aim: an ogre, wielding a +0 giant club (about 29% to evade your +2 halberd of pain)
You reach to attack!
You hit the ogre.
The ogre is lightly wounded.
Reach: o) +2 halberd (pain)
Press: ? - help, Dir - move target, f/p - ogre
Aim: an ogre, wielding a +0 giant club (lightly wounded, about 29% to evade your +2 halberd of pain)
You slash the ogre!
The ogre is moderately wounded.
Xom grants you insight.
You detect items!
The gnoll bouda barks out a call to the hunt!
The ogre hits you with a +0 giant club!!
The howler monkey hits you.
You hear a shout!
Reach: o) +2 halberd (pain)
Press: ? - help, Dir - move target, f/p - ogre
Aim: an ogre, wielding a +0 giant club (moderately wounded, about 29% to evade your +2 halberd of pain)
You hit the ogre but do no damage.
The ogre is moderately wounded.
The howler monkey misses you. The ogre barely misses you.
Reach: o) +2 halberd (pain)
Press: ? - help, Dir - move target, f - howler monkey, p - ogre
Aim: a howler monkey (about 50% to evade your +2 halberd of pain)
You barely miss the howler monkey. The howler monkey hits you.
The howler monkey barely misses you. The ogre barely misses you.
Reach: o) +2 halberd (pain)
Press: ? - help, Dir - move target, f/p - howler monkey
Aim: a howler monkey (about 50% to evade your +2 halberd of pain)
You puncture the howler monkey!
The howler monkey is almost dead.
A gnoll comes into view. It is wielding a +0 club.
The howler monkey hits you but does no damage.
A gnoll comes into view. It is wielding a +0 whip.
The ogre hits you with a +0 giant club!!
Ouch! That really hurt!
You die...
Xom bursts into laughter!

......####.....#
#.......##....#
###.........#
###.......#
##...g..###
##.......### .
##......g.### ..#
##......h..#....#
#..#####.@O....#
∆ #..# ####....#
#..## ##...# #..
... ..# .. . ∆


You could see an ogre, a gnoll bouda, a howler monkey and a gnoll (wandering,
swift).

Vanquished Creatures
  2 scorpions
  4 gnolls (D:4)
  2 adders (D:2)
  An ufetubus (D:4)
  3 worms (D:2)
  An orc (D:5)
  4 endoplasms
  A giant cockroach (D:2)
  2 goblins (D:2)
  A quokka (D:2)
  A ball python (D:2)
  A bat (D:2)
  A frilled lizard (D:1)
  2 kobolds (D:1)
  2 rats
28 creatures vanquished.

Vanquished Creatures (collateral kills)
  A gnoll bouda (D:4)
1 creature vanquished.

Vanquished Creatures (others)
  A scorpion zombie (D:4)
  A gnoll (D:4)
  An endoplasm (D:4)
  A butterfly (D:4)
4 creatures vanquished.

Grand Total: 33 creatures vanquished

Notes
Turn   | Place    | Note
-------+----------+-------------------------------------------
     0 | D:1      | PapaRoan the Hill Orc Chaos Knight began the quest for the
                  | Orb.
     0 | D:1      | Reached XP level 1. HP: 19/19 MP: 1/1
   500 | D:2      | Reached XP level 2. HP: 7/27 MP: 2/2
   598 | D:2      | XOM: potion effect (curing)
   648 | D:2      | XOM: smoke on damage
   749 | D:2      | Noticed a great orb of eyes
   751 | D:2      | Found a faded altar of an unknown god.
   753 | D:2      | Noticed a shining eye
   753 | D:2      | Noticed a great orb of eyes
   753 | D:2      | Noticed a great orb of eyes
   786 | D:2      | Reached XP level 3. HP: 25/33 MP: 3/3
   874 | D:2      | Found a hazy altar of Hepliaklqana.
   900 | D:2      | Found Miomy's Antique Armour Shop.
   961 | D:2      | You fall into a shaft and drop 2 floors!
   966 | D:4      | Noticed a scorpion
   973 | D:4      | XOM: potion effect (might)
   975 | D:4      | Killed a scorpion
   976 | D:4      | Reached skill level 5 in Axes
   976 | D:4      | Reached skill level 1 in Dodging
   976 | D:4      | Reached XP level 4. HP: 39/41 MP: 4/4
  1029 | D:4      | Reached XP level 5. HP: 44/47 MP: 5/5
  1051 | D:4      | XOM: silly message
  1069 | D:4      | Found a white marble altar of Elyvilon.
  1074 | D:4      | Reached skill level 6 in Axes
  1096 | D:5      | Entered Level 5 of the Dungeon
  1112 | D:5      | Reached skill level 5 in Fighting
  1112 | D:5      | Reached XP level 6. HP: 41/56 MP: 6/6
  1159 | D:5      | XOM: divination: detect items
  1162 | D:5      | Slain by an ogre

Illustrated notes

Levels and vault maps discovered:
D:1:      erik_arrival_blinker_ship, layout_basic
D:2:      layout_loops_ring, serial_shops, nicolae_shop_advertising_works
          [nicolae_subvault_shop_adworks], basic_altar,
          hellmonk_ecumenical_altar_watching_god
D:4:      layout_loops_ring, nicolae_elyvilon_peaceful_grove, solitary_fountain
D:5:      layout_layer_cave, minmay_temple_entry_nine_rooms, uniq_edmund,
          uniq_crazy_yiuf_cottage, uniq_blork_the_orc

Skill      XL: |  1  2  3  4  5 |
---------------+----------------+-----
Fighting       | 4 5 |  5.1
Armour         | 3 |  3.9
Axes           | 5 6 |  6.3
Dodging        | 1 |  1.3
Polearms       | |  0.5

Action                   |  1- 3 |  4- 6 || total
-------------------------+-------+-------++-------
Melee: Hand axe          |    77 |    16 ||    93
       Halberd           |       |    22 ||    22
Armor: Scale mail        |    39 |    15 ||    54
Dodge: Dodged            |    40 |    24 ||    64

Table legend: (Time is in decaauts)
 A = Elapsed time spent in this place.
 B = Non-inter-level travel time spent in this place.
 C = Inter-level travel time spent in this place.
 D = Time resting spent in this place.
 E = Time spent auto-exploring this place.
 F = Levels seen in this place.
 G = Mean time per level.
                   A        B        C        D        E       F      G
               +--------+--------+--------+--------+--------+-----+--------+
         Total |   1176 |   1176 |      0 |     65 |    102 |   4 |  294.0 |
       Dungeon |   1176 |   1176 |      0 |     65 |    102 |   4 |  294.0 |
               +--------+--------+--------+--------+--------+-----+--------+

Top non-repeatable levels by time:
     D:1: 489 daAuts
     D:2: 478 daAuts
     D:4: 137 daAuts
     D:5: 71 daAuts
